 Dungeon Crawl Stone Soup version 0.31.0-12-g77e489cdc1 (webtiles) character file.

Game seed: 4089822379312990328

64 DoomSlayer the Trooper (level 3, 0/31 HPs)
             Began as a Demigod Fighter on Feb 19, 2024.
             Slain by an iguana (9 damage)
             ... on level 4 of the Dungeon.
             The game lasted 00:03:42 (1422 turns).

DoomSlayer the Trooper (Demigod Fighter)            Turns: 1422, Time: 00:03:43

Health: 0/31       AC:  6    Str: 17    XL:     3   Next: 64%
Magic:  5/5        EV:  9    Int: 14    God:
Gold:   69         SH:  4    Dex: 13    Spells: 2/2 levels left

rFire   . . .        a - +2 war axe
rCold   . . .        c - +0 buckler
rNeg    . . .        b - +0 scale mail
rPois   .            (no helmet)
rElec   .            (no cloak)
rCorr   .            (no gloves)
SInv    +            (no boots)
Will    .....        (no amulet) Stlth
                     i - ring of see invisible
HPRegen 0.25/turn    (no ring)
MPRegen 0.09/turn

%: no passive effects
@: no status effects
A: high MP 2, forlorn, divine attributes, talons 1
a: no special abilities


You were on level 4 of the Dungeon.
You visited 1 branch of the dungeon, and saw 3 of its levels.

You collected 69 gold pieces.

Inventory:

Hand Weapons
 a - a +2 war axe (weapon)
Armour
 b - a +0 scale mail (worn)
 c - a +0 buckler (worn)
Jewellery
 f - a ring of protection from cold
 i - a ring of see invisible (left hand)
Talismans
 h - a beast talisman
Wands
 l - a wand of paralysis (9)
Scrolls
 j - a scroll of vulnerability
Potions
 d - 2 potions of might
 e - a potion of attraction
 g - 2 potions of lignification


   Skills:
 * Level 3.0 Fighting
 * Level 2.5 Axes
 * Level 3.0 Armour
 * Level 0.9 Dodging
 * Level 1.0 Stealth
 * Level 2.9 Shields
 * Level 0.1 Spellcasting
 * Level 0.3 Shapeshifting


You had 2 spell levels left.
You didn't know any spells.
Your spell library contained the following spells:

 Spells                   Type           Power      Damage    Failure   Level
 Apportation              Tloc           0%         N/A       77%         1
 Necrotise                Necr           0%         1d4       77%         1
 Shock                    Conj/Air       0%         1d3       77%         1
 Sting                    Conj/Alch      0%         1d3       77%         1
 Summon Small Mammal      Summ           0%         N/A       77%         1
 Jinxbite                 Hex            0%         N/A       88%         2
 Lesser Beckoning         Tloc           0%         N/A       88%         2
 Call Canine Familiar     Summ           0%         N/A       98%         3
 Gell's Gravitas          Tloc           0%         N/A       98%         3
 Swiftness                Air            0%         N/A       98%         3
 Teleport Other           Tloc           0%         N/A       98%         3
 Airstrike                Air            0%         2d(0-16)  100%        4
 Summon Blazeheart Golem  Fire/Summ      0%         N/A       100%        4
 Yara's Violent Unravell  Hex/Alch       0%         3d3       100%        5
 Enfeeble                 Hex            0%         N/A       100%        7


Dungeon Overview and Level Annotations

Branches:
Dungeon (2/15)


Innate Abilities, Weirdness & Mutations

You have a considerably increased reservoir of magic. (+20% MP)
You shall have no god before yourself.
Your divine heritage dramatically boosts your attributes as you level up.
You have sharp toenails.


Message History

You see here a +0 dagger.
f - a ring of protection from cold
There is an open door here.
Things that are here:
7 stones; a hobgoblin corpse You see here a +0 dagger.
Done exploring.
There is a shaft here.
You fall into a shaft and drop 2 floors!
The shaft crumbles and collapses.
Found a glowing fluorescent wand.
Found 7 stones.
l - a wand of paralysis (9)
Found a stone staircase leading down.
An iguana comes into view.
Found 5 gold pieces.
A kobold comes into view. It is wielding a +0 whip.
Found a shiny helmet.
The kobold shouts!
The kobold throws a stone.
The stone closely misses you.
You barely miss the iguana. The iguana barely misses you.
You hit the iguana but do no damage. The iguana bites you!
You closely miss the iguana. The iguana closely misses you.
The kobold throws a stone.
The stone hits you.
An adder comes into view.
The kobold throws a stone.
The stone hits you. The iguana barely misses you.
The adder hisses angrily.
You hit the iguana but do no damage. The iguana bites you!
You hit the iguana.
The iguana is moderately wounded.
The iguana bites you.
* * * LOW HITPOINT WARNING * * *
You block the iguana's attack.
You slash the iguana!
The iguana is almost dead.
The iguana bites you but does no damage.
It was a potion of mutation.
You feel extremely strange.
Your toenails lengthen and sharpen.
You feel more energetic. The kobold hits you but does no damage.
The iguana bites you!
You die...

###..#...#####..##
.(.......##.#....#
..#.##....#......#
.. #..........##
## #####.......#
##......#
##......######
##............#
#......@.......#
#...>.Kl......##
#.....S.......#
..............#
................
..............$.
.........##...#
.....[##.# ...#


You could see an iguana, an adder and a kobold.

Vanquished Creatures
  Jessica (D:2)
  3 endoplasms (D:1)
  2 giant cockroaches (D:1)
  2 goblins
  3 hobgoblins
  4 jackals (D:2)
  A quokka (D:1)
  9 ball pythons
  2 bats (D:1)
  3 frilled lizards (D:1)
  5 kobolds (D:1)
  2 rats
37 creatures vanquished.

Notes
Turn   | Place    | Note
-------+----------+-------------------------------------------
     0 | D:1      | DoomSlayer the Demigod Fighter began the quest for the Orb.
     0 | D:1      | Reached XP level 1. HP: 18/18 MP: 3/3
   188 | D:1      | Reached XP level 2. HP: 18/25 MP: 4/4
   866 | D:2      | Reached XP level 3. HP: 29/31 MP: 5/5
   982 | D:2      | Noticed Jessica
   988 | D:2      | Killed Jessica
  1328 | D:2      | Reached skill level 1 in Stealth
  1385 | D:2      | You fall into a shaft and drop 2 floors!
  1422 | D:4      | Gained mutation: You have sharp toenails. [potion of
                  | mutation]
  1422 | D:4      | Gained mutation: You have a considerably increased
                  | reservoir of magic. (+20% MP) [potion of mutation]
  1422 | D:4      | Slain by an iguana

Illustrated notes

Levels and vault maps discovered:
D:1:      lemuel_arrival_room, layout_basic, serial_bayou_pond_a
D:2:      layout_basic, nicolae_the_louvre, uniq_jessica
D:4:      layout_cave_pools, grunt_temple_overflow_holy_war,
          gammafunk_ghost_necromancy

Skill      XL: |  1  2  3 |
---------------+----------+-----
Axes           | 2 |  2.5
Fighting       | 3 |  3.0
Armour         | 3 |  3.0
Stealth        | 1 |  1.0
Dodging        | |  0.9
Shields        | |  2.9
Spellcasting   | |  0.1
Shapeshifting  | |  0.3

Action                     || total
---------------------------++-------
  Melee: War axe           ||   111
    Use: Scroll            ||     7
         Potion            ||     1
 Armour: Scale mail        ||    93
  Dodge: Dodged            ||    54
  Block: Buckler           ||    30
